 Dungeon Crawl Stone Soup version 0.30.0-20-g3615ddf2f0 (webtiles) character file.

Game seed: 15613480698579893169

1414 qw the Chopper (level 8, -1/49 HPs)
             Began as a Gargoyle Fighter on May 31, 2023.
             Slain by an ogre
             ... wielding a +0 giant club
              (7 damage)
             ... on level 6 of the Dungeon.
             The game lasted 00:03:00 (4663 turns).

qw the Chopper (Gargoyle Fighter)                   Turns: 4663, Time: 00:03:00

Health: -1/49      AC: 17    Str: 22    XL:     8   Next: 71%
Magic:  8/8        EV:  7    Int:  9    God:
Gold:   324        SH:  9    Dex:  9    Spells: 7/7 levels left

rFire   . . .        Y - +1 war axe (chaos)
rCold   + . .        k - +0 kite shield
rNeg    + . .        b - +2 chain mail {rC+}
rPois   inf          h - +0 helmet
rElec   +            (no cloak)
rCorr   .            (no gloves)
SInv    .            (no boots)
Will    .....        (no amulet) Stlth
                     (no ring)
HPRegen 0.28/turn    (no ring)
MPRegen 0.11/turn

%: no passive effects
@: about to teleport
A: sickness immunity, AC +5, negative energy resistance 1, electricity
resistance, torment resistance 1, petrification resistance
a: no special abilities


You were on level 6 of the Dungeon.
You visited 2 branches of the dungeon, and saw 7 of its levels.

You collected 324 gold pieces.


Innate Abilities, Weirdness & Mutations

You are immune to sickness and miasma.
Your stone body is resilient. (AC +5)
You are immune to poison.
You resist negative energy. (rN+)
You are resistant to electric shocks. (rElec)
You are resistant to unholy torment.
You are immune to petrification.


   Skills:
 - Level 5.1 Fighting
 + Level 7.3 Axes
 - Level 3.2 Armour
 - Level 1.0 Dodging
 - Level 7.0 Shields


You had 7 spell levels left.
You didn't know any spells.
Your spell library was empty.

Inventory:

Hand Weapons
 e - a +1 hand axe of flaming
 Y - a +1 war axe of chaos (weapon)
Armour
 a - the +15 Maxwell's patent armour {-Cast -Tele rElec Will+ rCorr}
   (You acquired it on level 1 of the Dungeon)

   rElec:     It insulates you from electricity.
   -Cast:     It prevents spellcasting.
   -Tele:     It prevents most forms of teleportation.
   rCorr:     It protects you from acid and corrosion.
   Will:      It increases your willpower.
 b - a +2 chain mail of cold resistance (worn)
 h - a +0 helmet (worn)
 k - a +0 kite shield (worn)
Scrolls
 c - 2 scrolls of teleportation
 g - 3 scrolls of identify
Potions
 d - 4 potions of might
 f - a potion of mutation
 j - 4 potions of curing
 m - a potion of resistance
 n - a potion of heal wounds

Dungeon Overview and Level Annotations

Branches:
Dungeon (6/15)             Temple (1/1) D:5

Altars:
Ashenzari
Cheibriados
Elyvilon
Fedhas
Gozag
Makhleb
Nemelex Xobeh
Qazlal
Ru
Sif Muna
Vehumet
Wu Jian
Zin
The Shining One

Shops:
D:3 (

Annotations:
D:4 2 runed translucent doors, qw's ghost, amateur GrCA
D:5 1 runed translucent door, Crazy Yiuf
D:6 exclusion: 3 orc wizards


Message History

You block the gnoll's attack. The gnoll barely misses you.
The gnoll hits you but does no damage.
You hit the gnoll but do no damage.
Space warps around the gnoll.
The gnoll is almost dead.
The gnoll hits you with a +0 halberd. You block the gnoll's attack. x2
The gnoll hits you with a +0 halberd!
You completely miss the gnoll.
The gnoll is almost dead.
The gnoll barely misses you.
The gnoll hits you from afar with a +0 spear.
You block the gnoll's attack.
You slash the gnoll!
You kill the gnoll!
The gnoll hits you from afar with a +0 spear.
You block the gnoll's attack. You block the gnoll's attack.
The gnoll hits you but does no damage.
You barely miss the gnoll. You slash the gnoll!
The gnoll resists with significant effort.
The gnoll hits you but does no damage. You block the gnoll's attack.
The gnoll hits you with a +0 spear. The gnoll hits you but does no damage.
You barely miss the gnoll.
The gnoll is severely wounded.
You barely miss the gnoll. You block the gnoll's attack.
The gnoll barely misses you.
You completely miss the gnoll.
The gnoll is severely wounded.
You hit the ogre. You drain the ogre. You hit the gnoll.
The ogre hits you with a +0 giant club! The gnoll hits you but does no damage.
You block the gnoll's attack.
You closely miss the gnoll.
The gnoll is severely wounded.
You slash the ogre! You hit the gnoll. The gnoll hits you but does no damage.
The gnoll hits you with a +0 spear. The ogre hits you with a +0 giant club!
4663 ||| READING 3 scrolls of teleportation.
As you read the scroll of teleportation, it crumbles to dust.
You feel strangely unstable. The gnoll barely misses you.
The gnoll hits you but does no damage. The ogre hits you with a +0 giant club!
You die...

#%.#.###### #.......... #.
<..######.#.).###.. #.##
#......#.#...)##.. #...####
###......)..#.. #....).#
#...##...#.....
#......########.####.#.##.#..
#.....##.O.).......#.##.#..
#........g@....#####.##.#..
#........g.######..........
#..........<### #.........#
##.....##)[...# #.......#.#
##...#####...#.####.##...#..
.#####...# #...#..##...##..#..
.........## #......#.._..#..#..
.#........######.....#.8"8.#..#..
.....................###'###.....


You could see an ogre (drained) and 2 gnolls.

Vanquished Creatures
  Sigmund (D:2)
  A sky beast (D:6)
  An ogre (D:4)
  A centaur (D:5)
  A phantom (D:6)
  2 bullfrogs (D:6)
  A scorpion (D:5)
  An orc priest (D:5)
  3 hounds
  A jelly (D:5)
  Terence (D:2)
  A sleepcap (D:6)
  4 iguanas
  3 orc wizards
  Natasha (thrice) (D:3)
  Robin (D:2)
  5 gnolls
  8 adders
  5 ufetubi
  A worm (D:3)
  2 dart slugs
  17 orcs
  6 bats
  10 endoplasms
  2 giant cockroaches
  12 goblins
  8 hobgoblins
  3 jackals (D:2)
  2 quokkas
  4 ball pythons
  3 frilled lizards
  6 kobolds
  3 rats (D:1)
123 creatures vanquished.

Notes
Turn   | Place    | Note
-------+----------+-------------------------------------------
     0 | D:1      | qw the Gargoyle Fighter began the quest for the Orb.
     0 | D:1      | Reached XP level 1. HP: 14/14 MP: 1/1
     0 | D:1      | 0 ||| qw: Version: 0.2-a-102-gfc559e5
     0 | D:1      | 0 ||| qw: Game counter: 552
     0 | D:1      | 0 ||| qw: Always use a shield: true
     0 | D:1      | 0 ||| qw: God list: Okawaru
     0 | D:1      | 0 ||| qw: Allow faded altars: false
     0 | D:1      | 0 ||| qw: Do Orc after D:15 true
     0 | D:1      | 0 ||| qw: Do second Lair branch before Depths: true
     0 | D:1      | 0 ||| qw: Lair rune preference: random
     0 | D:1      | 0 ||| qw: Plans: Normal, Zot:1-4, Slime:5, God:TSO, Crypt,
                  | Tomb, Pan, Hells, Abyss, Win
     0 | D:1      | 0 ||| PLANNING D:1-11
   221 | D:1      | Reached XP level 2. HP: 19/19 MP: 2/2
   645 | D:1      | 645 ||| READING scroll labelled WUVIPL VUEDIRR.
   645 | D:1      | Identified a scroll of acquirement
   645 | D:1      | 645 ||| ACQUIRING +15 Maxwell's patent armour {-Cast -Tele
                  | rElec Will+ rCorr}
   645 | D:1      | Acquired the +15 Maxwell's patent armour {-Cast -Tele rElec
                  | Will+ rCorr}
   645 | D:1      | Found the +15 Maxwell's patent armour {-Cast -Tele rElec
                  | Will+ rCorr}
   647 | D:1      | 647 ||| READING scroll labelled QURCHA CAOGUNAHO.
   678 | D:2      | 678 ||| STAIRDANCE
   684 | D:2      | Noticed Robin
   685 | D:2      | Reached skill level 3 in Axes
   685 | D:2      | 685 ||| STAIRDANCE
   689 | D:1      | Reached XP level 3. HP: 20/23 MP: 3/3
   701 | D:2      | 701 ||| STAIRDANCE
   726 | D:2      | Killed Robin
   761 | D:2      | Reached XP level 4. HP: 28/28 MP: 4/4
   801 | D:2      | Noticed Sigmund
   802 | D:2      | 802 ||| Stepping ~*~*~tactically~*~*~ (hiding).
   824 | D:2      | Killed Sigmund
   825 | D:2      | Reached XP level 5. HP: 20/32 MP: 5/5
   912 | D:2      | Noticed Terence
   917 | D:2      | Killed Terence
   918 | D:2      | Reached XP level 6. HP: 37/38 MP: 6/6
   980 | D:2      | 980 ||| Stepping ~*~*~tactically~*~*~ (stealth).
  1144 | D:2      | 1144 ||| Stepping ~*~*~tactically~*~*~ (stealth).
  1146 | D:2      | 1146 ||| Stepping ~*~*~tactically~*~*~ (stealth).
  1266 | D:2      | 1266 ||| UPGRADING to +0 helmet.
  1271 | D:2      | 1271 ||| UPGRADING to +0 chain mail.
  1281 | D:2      | 1281 ||| DROPPING +0 scale mail.
  1282 | D:2      | 1282 ||| READING scroll labelled IHOOMANUAR.
  1283 | D:2      | 1283 ||| DRINKING 2 green potions.
  1350 | D:3      | Noticed Natasha
  1359 | D:3      | Killed Natasha
  1416 | D:3      | Noticed Natasha
  1429 | D:3      | Killed Natasha
  1593 | D:3      | 1593 ||| Stepping ~*~*~tactically~*~*~ (hiding).
  1598 | D:3      | 1598 ||| Stepping ~*~*~tactically~*~*~ (hiding).
  1601 | D:3      | 1601 ||| Stepping ~*~*~tactically~*~*~ (hiding).
  1605 | D:3      | 1605 ||| Stepping ~*~*~tactically~*~*~ (stealth).
  1707 | D:3      | 1707 ||| DROPPING +0 club.
  1802 | D:3      | Reached skill level 6 in Axes
  1932 | D:3      | Found Hase's Weapon Shop.
  1944 | D:3      | 1944 ||| SHOPLISTING +6 war axe of Tunaq {antimagic, *Slow
                  | rElec rF+++ Will+ Str+3} (958 gold, have 148).
  1973 | D:3      | Noticed Natasha
  1974 | D:3      | 1974 ||| Stepping ~*~*~tactically~*~*~ (stealth).
  1975 | D:3      | 1975 ||| Stepping ~*~*~tactically~*~*~ (stealth).
  1990 | D:3      | Killed Natasha
  1991 | D:3      | Reached skill level 1 in Dodging
  2066 | D:3      | 2066 ||| Stepping ~*~*~tactically~*~*~ (hiding).
  2150 | D:3      | 2150 ||| DROPPING ring of flight.
  2151 | D:3      | 2151 ||| READING scroll labelled NONAEBBISYI.
  2152 | D:3      | 2152 ||| READING scroll labelled XOURUZ JEMUEZUE.
  2157 | D:3      | 2157 ||| DRINKING 2 bubbling green potions.
  2158 | D:3      | 2158 ||| READING 3 scrolls of identify.
  2158 | D:3      | 2158 ||| IDENTIFYING golden potion
  2159 | D:3      | 2159 ||| READING 2 scrolls of identify.
  2159 | D:3      | 2159 ||| IDENTIFYING amethyst potion
  2160 | D:3      | 2160 ||| DROPPING potion of ambrosia.
  2161 | D:3      | 2161 ||| DROPPING potion of flight.
  2185 | D:4      | 2185 ||| STAIRDANCE
  2250 | D:4      | HP: 6/38 [ogre/+0 giant club (5)]
  2251 | D:4      | 2251 ||| DRINKING potion of heal wounds.
  2253 | D:4      | Reached XP level 7. HP: 37/43 MP: 7/7
  2257 | D:4      | 2257 ||| Stepping ~*~*~tactically~*~*~ (stealth).
  2258 | D:4      | 2258 ||| Stepping ~*~*~tactically~*~*~ (stealth).
  2307 | D:4      | 2307 ||| DROPPING +0 flail.
  2383 | D:4      | Found a runed translucent door.
  2443 | D:4      | Noticed qw's ghost (amateur GrCA)
  2494 | D:4      | Found a broken altar of Ashenzari.
  2545 | D:4      | 2545 ||| UPGRADING to +2 chain mail of cold resistance.
  2555 | D:4      | 2555 ||| DROPPING +0 chain mail.
  2712 | D:4      | Found a runed translucent door.
  2713 | D:4      | 2713 ||| UPGRADING to +0 kite shield.
  2723 | D:4      | 2723 ||| DROPPING +0 buckler.
  2789 | D:4      | Found a sacrificial altar of Ru.
  3007 | D:4      | 3007 ||| READING scroll labelled PUEJ BASURPH.
  3008 | D:4      | 3008 ||| DRINKING 3 clear potions.
  3009 | D:4      | 3009 ||| READING 3 scrolls of identify.
  3009 | D:4      | 3009 ||| IDENTIFYING sedimented yellow potion
  3010 | D:4      | 3010 ||| DROPPING potion of degeneration.
  3022 | D:5      | Entered Level 5 of the Dungeon
  3182 | D:5      | 3182 ||| Stepping ~*~*~tactically~*~*~ (hiding).
  3320 | D:5      | Found a staircase to the Ecumenical Temple.
  3321 | D:5      | 3321 ||| PLANNING TEMPLE
  3321 | D:5      | 3321 ||| READING scroll labelled XUNLIL CUDWIAM.
  3322 | D:5      | 3322 ||| READING scroll labelled COMNES REEJICLAER.
  3333 | Temple   | Entered the Ecumenical Temple
  3403 | Temple   | 3403 ||| PLANNING D:1-11
  3441 | D:5      | Found a white marble altar of Elyvilon.
  3543 | D:5      | Found a burning altar of Makhleb.
  3636 | D:5      | Reached XP level 8. HP: 47/48 MP: 8/8
  3676 | D:5      | 3676 ||| Stepping ~*~*~tactically~*~*~ (stealth).
  3678 | D:5      | 3678 ||| Stepping ~*~*~tactically~*~*~ (hiding).
  3687 | D:5      | Reached skill level 6 in Shields
  3699 | D:5      | Found a blossoming altar of Fedhas.
  3917 | D:5      | Found a runed translucent door.
  3918 | D:5      | Noticed Crazy Yiuf
  3921 | D:5      | 3921 ||| READING 2 scrolls labelled ZANNUPPISE.
  3922 | D:5      | 3922 ||| DROPPING scroll of butterflies.
  3971 | D:6      | 3971 ||| FLEEEEING.
  3972 | D:6      | 3972 ||| FLEEEEING.
  3973 | D:6      | 3973 ||| FLEEEEING.
  3974 | D:6      | 3974 ||| STAIRDANCE
  4107 | D:6      | 4107 ||| Stepping ~*~*~tactically~*~*~ (stealth).
  4131 | D:6      | 4131 ||| FLEEEEING.
  4133 | D:6      | 4133 ||| FLEEEEING.
  4134 | D:6      | 4134 ||| FLEEEEING.
  4135 | D:6      | 4135 ||| FLEEEEING.
  4136 | D:6      | 4136 ||| FLEEEEING.
  4137 | D:6      | 4137 ||| FLEEEEING.
  4138 | D:6      | 4138 ||| FLEEEEING.
  4139 | D:6      | 4139 ||| FLEEEEING.
  4140 | D:6      | 4140 ||| FLEEEEING.
  4142 | D:6      | 4142 ||| STAIRDANCE
  4252 | D:5      | 4252 ||| READING scroll labelled KEAMUDIUVU.
  4347 | D:6      | 4347 ||| Stepping ~*~*~tactically~*~*~ (hiding).
  4415 | D:6      | Found a snail-covered altar of Cheibriados.
  4463 | D:6      | Found a shimmering blue altar of Sif Muna.
  4470 | D:6      | 4470 ||| DROPPING amulet of magic regeneration.
  4473 | D:6      | 4473 ||| READING scroll labelled QIKHUA FERO.
  4474 | D:6      | 4474 ||| READING scroll labelled YSOUDWAORO.
  4475 | D:6      | 4475 ||| READING 4 scrolls of identify.
  4475 | D:6      | 4475 ||| IDENTIFYING puce potion
  4496 | D:6      | 4496 ||| Stepping ~*~*~tactically~*~*~ (stealth).
  4662 | D:6      | HP: 12/49 [gnoll/+0 spear (3)]
  4662 | D:6      | HP: 5/49 [ogre/+0 giant club (7)]
  4663 | D:6      | 4663 ||| READING 3 scrolls of teleportation.
  4663 | D:6      | Slain by an ogre

Levels and vault maps discovered:
D:1:      onia_arrival_pyramid, layout_loops_ring
D:2:      layout_rooms, uniq_sigmund, uniq_robin, uniq_terence
D:3:      layout_basic, serial_shops, nicolae_shop_bloodbath_and_beyond,
          uniq_natasha
D:4:      layout_rooms, mainiacjoe_overflow_concentric_impassable,
          lemuel_tele_altar, ebering_ghost_sewer_f
D:5:      layout_basic, old_standard_altar, mainiacjoe_overflow_24_doors,
          elyvilon_altar_1, minmay_temple_entry_stoned_glass,
          minmay_misc_feat_enclosed, nicolae_concentric_dashed_squares_mild,
          minmay_misc_feat_five, uniq_crazy_yiuf_cottage
D:6:      layout_rooms, mainiacjoe_overflow_small_starburst, led_sif_book,
          serial_bayou_ford_a
Temple:   nicolae_temple_great_sept

Skill      XL: |  1  2  3  4  5  6  7  8 |
---------------+-------------------------+-----
Axes           | 2 3 5 6 7 |  7.3
Fighting       | 4 5 |  5.1
Dodging        | 1 |  1.0
Shields        | 5 7 |  7.0
Armour         | |  3.2

Action                     |  1- 3 |  4- 6 |  7- 9 || total
---------------------------+-------+-------+-------++-------
  Melee: War axe           |    68 |   113 |   217 ||   398
         Unarmed           |       |    16 |       ||    16
    Use: Scroll            |     2 |     5 |    10 ||    17
         Potion            |       |     3 |     1 ||     4
 Armour: Scale mail        |    55 |    16 |       ||    71
         Chain mail        |       |    45 |   165 ||   210
         Skin              |       |    18 |       ||    18
  Dodge: Dodged            |    38 |    64 |    91 ||   193
  Block: Buckler           |    19 |    21 |    11 ||    51
         Kite shield       |       |       |    80 ||    80

Table legend:
 A = Non-vault XP
 B = Vault XP
 C = Vault XP percentage of total XP
 D = Non-vault monster count
 E = Vault monster count
 F = Vault count percentage of total count
                 A         B        C        D         E       F
            +---------+---------+-------+---------+---------+-------
      Total |    1687 |     333 |  16.5 |     108 |      15 |  12.2
            +---------+---------+-------+---------+---------+-------
        D:1 |      29 |      13 |  31.0 |      17 |       7 |  29.2
        D:2 |      56 |     287 |  83.7 |      18 |       7 |  28.0
        D:3 |     171 |      33 |  16.2 |      18 |       1 |   5.3
        D:4 |     236 |       0 |   0.0 |      20 |       0 |   0.0
        D:5 |     492 |       0 |   0.0 |      18 |       0 |   0.0
        D:6 |     703 |       0 |   0.0 |      17 |       0 |   0.0
            +---------+---------+-------+---------+---------+-------
